 Seeded DCSS version 0.31-a0-149-g3fdcc5976a (webtiles) character file.

Game seed: 13756538122855080540 (custom seed)

36 Pimp the Sneak (level 3, 16/16 HPs)
             Began as a Spriggan Venom Mage on June 7, 2023.
             Quit the game on level 2 of the Dungeon.
             The game lasted 00:01:39 (1432 turns).

Pimp the Sneak (Spriggan Venom Mage)                Turns: 1432, Time: 00:01:39

Health: 16/16      AC:  2    Str:  4    XL:     3   Next: 19%
Magic:  8/8        EV: 18    Int: 16    God:
Gold:   51         SH:  0    Dex: 17    Spells: 7/8 levels left

rFire   . . .        (weapon restricted)
rCold   . . .        (no shield)
rNeg    . . .        a - +0 robe
rPois   .            (helmet restricted)
rElec   .            (no cloak)
rCorr   .            (gloves unavailable)
SInv    +            (boots unavailable)
Will    .....        (no amulet)
Stlth   +++          (no ring)
HPRegen 0.22/turn    (no ring)
MPRegen 0.11/turn

%: no passive effects
@: very quick
A: very small, no large weapons, unfitting armour, see invisible, speed 3
a: no special abilities


You were on level 2 of the Dungeon.
You visited 1 branch of the dungeon, and saw 2 of its levels.

You collected 51 gold pieces.

Inventory:

Armour
 a - a +0 robe (worn)
 f - an orb of guile
Scrolls
 c - a scroll of acquirement
 g - a scroll of vulnerability {unknown}
Potions
 b - a potion of magic
 d - a potion of enlightenment {unknown}
 e - a potion of curing {unknown}


   Skills:
 + Level 3.2 Dodging
 + Level 3.7 Stealth
 + Level 3.1 Spellcasting
 + Level 2.2 Transmutations
 + Level 3.2 Poison Magic


You had 7 spell levels left.
You knew the following spells:

 Your Spells              Type           Power      Damage    Failure   Level
a - Sting                 Tmut/Pois      44%        1d5       6%          1

Your spell library contained the following spells:

 Spells                   Type           Power      Damage    Failure   Level
 Poisonous Vapours        Pois/Air       14%        N/A       14%         2
 Blink                    Tloc           4%         N/A       28%         2
 Lesser Beckoning         Tloc           4%         N/A       28%         2
 Momentum Strike          Conj/Tloc      4%         3d8       28%         2
 Mephitic Cloud           Conj/Pois/Air  6%         N/A       34%         3
 Olgreb's Toxic Radiance  Pois           13%        N/A       43%         4


Dungeon Overview and Level Annotations

Branches:
Dungeon (2/15)

Altars:


Innate Abilities, Weirdness & Mutations

You are very small and have problems with some larger weapons.
You are too small for most types of armour.
You have supernaturally acute eyesight. (SInv)
You cover ground extremely quickly. (Speed+++)


Message History

The ball python is moderately wounded.
The ball python hisses angrily.
You closely miss the ball python.
The ball python is moderately wounded.
The ball python bites you but does no damage.
The ball python misses you.
The sting hits the ball python.
The ball python looks even sicker.
You kill the ball python!
You can't see any susceptible monsters within range! (Use Z to cast anyway.)
Your magical contamination has completely faded away.
Magic restored.
An adder comes into view.
An adder is nearby!
An adder is nearby!
There is a faded altar of an unknown god here.
You miscast Sting.
You are very lightly contaminated with residual magic.
Nothing appears to happen.
The sting hits the adder.
The adder is poisoned.
The adder is moderately wounded.
The adder hisses angrily.
The sting hits the adder.
The adder looks even sicker.
The adder is almost dead.
The adder completely misses you.
You completely miss the adder.
The adder is almost dead.
The adder closely misses you.
The sting misses the adder.
You kill the adder!
You have reached level 3!
Your experience leads to an increase in your attributes!
Increase (S)trength, (I)ntelligence, or (D)exterity?
You feel agile. x2
Your magical contamination has completely faded away.
Found 4 stones.
You see here an adder corpse.
Found an escape hatch in the floor.
This is a scroll of acquirement!
Unknown command.
Are you sure you want to abandon this character and quit the game? (Confirm with "yes".)

#..# ####..# ###..#..#
.######## #....#..####
........# ##.#.##......
........# #.........###
>.......# #.....##..# #
........####.#...#...###
.......@.†._...#.#.#.#..
........###..#.......#.#
#.......# ##.###.#####..
#....(..# #.....# #.#
#.......# ....### #..
######... ....# #.. ##..
###### ### ... #


There were no monsters in sight!

Vanquished Creatures
  An adder (D:2)
  2 dart slugs
  2 bats (D:1)
  An endoplasm (D:1)
  A giant cockroach (D:1)
  2 goblins (D:1)
  2 hobgoblins (D:1)
  5 ball pythons
  A kobold (D:1)
  5 rats (D:1)
22 creatures vanquished.

Notes
Turn   | Place    | Note
-------+----------+-------------------------------------------
     0 | D:1      | Pimp the Spriggan Venom Mage began the quest for the Orb.
     0 | D:1      | Reached XP level 1. HP: 9/9 MP: 5/5
   304 | D:1      | Reached XP level 2. HP: 13/13 MP: 3/6
  1320 | D:2      | Found a faded altar of an unknown god.
  1388 | D:2      | Reached XP level 3. HP: 16/16 MP: 3/8
  1432 | D:2      | Identified a scroll of acquirement
  1432 | D:2      | Quit the game

Illustrated notes

Levels and vault maps discovered:
D:1:      scummos_arrival_star, layout_basic
D:2:      layout_basic, basic_altar, basic_ecumenical_altar, grunt_decor_cap

Skill      XL: |  1  2 |
---------------+-------+-----
Dodging        | 3 |  3.2
Spellcasting   | 3 |  3.1
Transmutations | 2 |  2.2
Stealth        | |  3.7
Poison Magic   | |  3.2

Action                     || total
---------------------------++-------
  Melee: Unarmed           ||     2
   Cast: Sting             ||    47
 Armour: Robe              ||     2
  Dodge: Dodged            ||    18

Table legend: (Time is in decaauts)
 A = Elapsed time spent in this place.
 B = Non-inter-level travel time spent in this place.
 C = Inter-level travel time spent in this place.
 D = Time resting spent in this place.
 E = Time spent auto-exploring this place.
 F = Levels seen in this place.
 G = Mean time per level.
                   A        B        C        D        E       F      G
               +--------+--------+--------+--------+--------+-----+--------+
         Total |   1076 |   1037 |     39 |     29 |    873 |   2 |  538.0 |
       Dungeon |   1076 |   1037 |     39 |     29 |    873 |   2 |  538.0 |
               +--------+--------+--------+--------+--------+-----+--------+

Top non-repeatable levels by time:
     D:1: 940 daAuts
     D:2: 135 daAuts
